 Dungeon Crawl Stone Soup version 0.30-a0-451-ge042605de7 (webtiles) character file.

Game seed: 16995203116407270979

448 cforsyth the Chopper (level 6, -9/54 (56) HPs)
             Began as a Minotaur Berserker on Dec 11, 2022.
             Was a Priest of Trog.
             Mangled by an ogre
             ... wielding a +0 giant spiked club
              (24 damage)
             ... on level 4 of the Dungeon.
             The game lasted 00:05:04 (3164 turns).

cforsyth the Chopper (Minotaur Berserker)           Turns: 3164, Time: 00:05:04

HP:   -9/54 (56)    AC: 11    Str: 18    XL:     6   Next: 73%
MP:   0/5           EV:  6    Int:  4    God:    Trog [***...]
Gold: 239           SH:  7    Dex: 10    Spells: 5/5 levels left

rFire   . . .      SeeInvis .    a - +0 hand axe
rCold   . . .      Faith    .    w - +0 kite shield
rNeg    + + .      Spirit   +    g - +0 chain mail {rN+}
rPois   +          Reflect  .    (helmet restricted)
rElec   .          Harm     .    (no cloak)
rCorr   .          Rampage  .    (no gloves)
Will    .....                    b - +1 pair of boots
Stlth   ..........               p - amulet "Motelell" {Spirit rPois rN+ Regen+ Str-5}
HPRegen 1.09/turn                (no ring)
MPRegen 0.09/turn                (no ring)

@: lightly drained
A: horns 2, retaliatory headbutt
a: Renounce Religion, Berserk, Trog's Hand


You were on level 4 of the Dungeon.
You worshipped Trog.
Trog was most pleased with you.
You visited 1 branch of the dungeon, and saw 4 of its levels.

You collected 239 gold pieces.

Inventory:

Hand Weapons
 a - a +0 hand axe (weapon)
Armour
 b - a +1 pair of boots (worn)
 g - a +0 chain mail of positive energy (worn)
 w - a +0 kite shield (worn)
Jewellery
 p - the amulet "Motelell" (around neck) {Spirit rPois rN+ Regen+ Str-5}
   (You found it on level 2 of the Dungeon)

   [amulet of guardian spirit]

   It causes incoming damage to be divided between your reserves of health and
   magic.
   Str:       It affects your strength (-5).
   rPois:     It protects you from poison.
   rN:        It protects you from negative energy.
   Regen:     It increases your rate of health regeneration.
Wands
 n - a wand of polymorph (9)
Scrolls
 e - 3 scrolls of blinking {unknown}
 f - 3 scrolls of teleportation {unknown}
 h - a scroll of silence {unknown}
 i - 2 scrolls of enchant weapon {unknown}
 j - 2 scrolls of fear {unknown}
 k - 3 scrolls of noise {unknown}
 o - a scroll of enchant armour {unknown}
 q - 2 scrolls of identify {unknown}
 v - 3 scrolls of poison {unknown}
 y - a scroll of amnesia {unknown}
 A - a scroll of butterflies {unknown}
Potions
 c - 2 potions of mutation {unknown}
 d - a potion of lignification {unknown}
 l - 2 potions of brilliance {unknown}
 m - 2 potions of curing
 r - 2 potions of flight {unknown}
 s - a potion of invisibility {unknown}
 t - a potion of might
 u - 2 potions of resistance {unknown}
 x - 2 potions of magic {unknown}
 z - a potion of heal wounds {unknown}


   Skills:
 + Level 5.3 Fighting
 + Level 5.5 Axes
 + Level 4.6 Armour
 + Level 4.2 Dodging
 + Level 2.0 Shields


You had 5 spell levels left.
You didn't know any spells.
Your spell library was empty.

Dungeon Overview and Level Annotations

Branches:
Dungeon (4/15)
 Temple: D:4-7

Altars:
Nemelex Xobeh
Ru
Sif Muna
Vehumet
Yredelemnul


Innate Abilities, Weirdness & Mutations

You have a pair of horns on your head.
You reflexively headbutt those who attack you in melee.


Message History

An orc comes into view. It is wielding a +0 whip.
The orc shouts!
You slash the orc!
You kill the orc!
Trog accepts your kill.
No target in view!
No target in view!
No target in view!
No target in view!
No target in view!
No target in view!
No target in view!
You see here a +0 whip.
A - a scroll labelled CACLEOW FESEOC No target in view!
No target in view!
No target in view!
An ogre comes into view. It is wielding a +0 giant spiked club.
Found 7 stones.
You block the ogre's attack.
You hit the ogre.
The ogre is lightly wounded.
You closely miss the ogre.
The ogre is lightly wounded.
The ogre hits you but does no damage.
You completely miss the ogre. You headbutt the ogre!
The ogre is moderately wounded.
The ogre hits you with a +0 giant spiked club!!
You are too injured to fight recklessly!
You are too injured to fight recklessly!
You are too injured to fight recklessly!
You are too injured to fight recklessly!
You hit the ogre but do no damage. Your headbutt misses the ogre.
The ogre is moderately wounded.
The ogre hits you with a +0 giant spiked club!
* * * LOW HITPOINT WARNING * * *
You hit the ogre.
The ogre is moderately wounded.
The ogre hits you with a +0 giant spiked club!!
You die...

#...)..# +...........#.#
#.##.#+#+###...........#.#
# ##.............###.....#
# #..............# #######
#.#.#............#
#..>.............#
#####............######
#.............(...#
##...........@.....#
#............O.....#
###.#######..........#
##...# #..........# ...###
#..........# .###
#..........# .#
#..........# ##
#..........#


You could see an ogre.

Vanquished Creatures
  A black bear (D:4)
  A necrophage (D:4)
  A scorpion (D:4)
  A jelly (D:4)
  A hound (D:4)
  2 orc wizards
  The ghost of Iich the Trooper, a weakling HOFi (D:3)
  2 adders
  2 worms (D:2)
  9 orcs
  8 ball pythons
  8 endoplasms
  3 giant cockroaches
  5 goblins
  5 hobgoblins
  4 jackals (D:4)
  4 quokkas
  9 bats
  4 frilled lizards
  4 kobolds
  9 rats
84 creatures vanquished.

Notes
Turn   | Place    | Note
-------+----------+-------------------------------------------
     0 | D:1      | cforsyth the Minotaur Berserker began the quest for the
                  | Orb.
     0 | D:1      | Reached XP level 1. HP: 19/19 MP: 0/0
   148 | D:1      | Reached XP level 2. HP: 27/27 MP: 1/1
   448 | D:1      | Reached ** piety under Trog
   450 | D:1      | Reached XP level 3. HP: 20/33 MP: 2/2
  1177 | D:2      | Found a faded altar of an unknown god.
  1332 | D:2      | Identified the amulet "Motelell" {Spirit rPois rN+ Regen+
                  | Str-5}
  1726 | D:3      | Reached XP level 4. HP: 22/40 MP: 3/3
  2000 | D:3      | Found a shimmering blue altar of Sif Muna.
  2000 | D:3      | Found a radiant altar of Vehumet.
  2008 | D:3      | Found a sacrificial altar of Ru.
  2010 | D:3      | Found a basalt altar of Yredelemnul.
  2012 | D:3      | Found a sparkling altar of Nemelex Xobeh.
  2040 | D:3      | Found a large runed translucent door.
  2040 | D:3      | Found a large runed translucent door.
  2044 | D:3      | Noticed Iich's ghost (weakling HOFi)
  2660 | D:3      | Killed Iich's ghost
  2661 | D:3      | Reached XP level 5. HP: 37/47 MP: 2/4
  2769 | D:4      | Reached skill level 5 in Fighting
  2769 | D:4      | Reached skill level 5 in Axes
  2804 | D:4      | Noticed a black bear
  2816 | D:4      | Killed a black bear
  2817 | D:4      | Reached skill level 1 in Shields
  2817 | D:4      | Reached XP level 6. HP: 53/56 MP: 2/5
  2876 | D:4      | Reached *** piety under Trog
  3164 | D:4      | Mangled by an ogre

Illustrated notes

Levels and vault maps discovered:
D:1:      enne_arrival_octagon_isle, layout_basic
D:2:      layout_loops_ring, basic_ecumenical_altar
D:3:      layout_basic, chequers_temple_overflow_minitemple,
          ebering_ghost_disaster_area, minivault_5, kennysheep_generic_room_11
D:4:      kennysheep_six_static_rooms, layout_basic,
          minmay_temple_entry_nine_rooms, serial_bayou_pond_d

Skill      XL: |  1  2  3  4  5  6 |
---------------+-------------------+-----
Axes           | 4 5 |  5.5
Fighting       | 4 5 |  5.3
Armour         | 3 4 |  4.6
Dodging        | 3 4 |  4.2
Shields        | 1 2 |  2.0

Action                   |  1- 3 |  4- 6 || total
-------------------------+-------+-------++-------
Melee: Hand axe          |    93 |   146 ||   239
       Headbutt          |    12 |    26 ||    38
       Punch             |       |     1 ||     1
Invok: Berserk           |     1 |       ||     1
  Use: Potion            |       |     1 ||     1
Armor: Animal skin       |     4 |       ||     4
       Chain mail        |    44 |    93 ||   137
Dodge: Dodged            |    40 |    53 ||    93
Block: Kite shield       |       |    35 ||    35

Table legend: (Time is in decaauts)
 A = Elapsed time spent in this place.
 B = Non-inter-level travel time spent in this place.
 C = Inter-level travel time spent in this place.
 D = Time resting spent in this place.
 E = Time spent auto-exploring this place.
 F = Levels seen in this place.
 G = Mean time per level.
                   A        B        C        D        E       F      G
               +--------+--------+--------+--------+--------+-----+--------+
         Total |   3205 |   3127 |     78 |      0 |   2539 |   4 |  801.2 |
       Dungeon |   3205 |   3127 |     78 |      0 |   2539 |   4 |  801.2 |
               +--------+--------+--------+--------+--------+-----+--------+

Top non-repeatable levels by time:
     D:3: 1078 daAuts
     D:1: 925 daAuts
     D:2: 723 daAuts
     D:4: 477 daAuts
